 Dungeon Crawl Stone Soup version 0.26.0-10-g1f06aea511 (webtiles) character file.

Game seed: 6069508074410370562

39 vatarom the Ruffian (level 3, -2/33 HPs)
             Began as a Ghoul Monk on Feb 2, 2021.
             Slain by a bullfrog skeleton (3 damage)
             ... on level 2 of the Dungeon.
             The game lasted 00:01:37 (1521 turns).

vatarom the Ruffian (Ghoul Monk)                    Turns: 1521, Time: 00:01:38

Health: -2/33      AC:  2    Str: 11 (14) XL:     3   Next: 47%
Magic:  2/2        EV: 12    Int: 10 (12) God:
Gold:   31         SH:  0    Dex: 10 (11) Spells: 2/2 levels left

rFire    . . .     SeeInvis .     - Unarmed
rCold    + . .     Faith    .   (no shield)
rNeg     + + +     Spirit   .   a - +0 robe
rPois    ∞         Reflect  .   (no helmet)
rElec    .         Harm     .   (no cloak)
rCorr    .         Rampage  .   (no gloves)
Will     .....                  (no boots)
Stlth    ++........             (no amulet)
HPRegen  0.00/turn              b - ring of flight
MPRegen  0.08/turn              t - +6 ring of intelligence

@: no status effects
A: claws 1, cold resistance 1, negative energy resistance 3, inhibited
regeneration, torment resistance, unbreathing
a: Evoke Flight


You were on level 2 of the Dungeon.
You visited 1 branch of the dungeon, and saw 2 of its levels.

You collected 31 gold pieces.

Inventory:

Armour
 a - a +0 robe (worn)
Jewellery
 b - a ring of flight (left claw)
 t - a +6 ring of intelligence (right claw)
Scrolls
 d - a scroll of fear


   Skills:
 + Level 3.7 Fighting
 + Level 3.0 Dodging
 - Level 2.1 Stealth
 * Level 4.2 Unarmed Combat


You had 2 spell levels left.
You didn't know any spells.
Your spell library was empty.

Dungeon Overview and Level Annotations

Branches:
Dungeon (2/15)

Altars:


Innate Abilities, Weirdness & Mutations

You thrive by killing the living.
You are immune to poison.
You have sharp fingernails.
Your flesh is cold resistant. (rC+)
You are immune to negative energy. (rN+++)
You do not regenerate when monsters are visible.
You are immune to unholy pain and torment.
You can survive without breathing.


Message History

The bullfrog skeleton hits you.
It was a potion of degeneration.
There was something very wrong with that liquid.
You feel weakened.
You feel dopey.
You feel clumsy. The bullfrog skeleton hits you.
* * * LOW HITPOINT WARNING * * *
It was a potion of berserk rage.
You cannot raise a blood rage in your lifeless body.
The bullfrog skeleton barely misses you.
The bullfrog skeleton hits you.
* * * LOW HITPOINT WARNING * * *
The bullfrog skeleton barely misses you.
You see here a goblin corpse.
The bullfrog skeleton barely misses you.
The bullfrog skeleton closely misses you.
The bullfrog skeleton misses you.
The bullfrog skeleton closely misses you.
The bullfrog skeleton closely misses you.
The bullfrog skeleton hits you.
You die...

#.#......#.##..)...[# ###
#........#.##.#<....# #..
#.#.####.#.##.########## #.#
#.#.#..#.#.##.#........# #.#
#.#.#..#.#.##.#.######.# #.#
#.#.#..#.#.#.........#.# #.#
#.#.#..#.#....#.####.#.# #.#
#†#.#..#.#.####......#.######.##
#>.†.......÷...@Z...............
###.##.#.#..........##.########.
#....#.#.##..........# #.
######.##########.#### #÷
#............# #. ##############
#. #. ##


You could see a bullfrog skeleton.

Vanquished Creatures
  An ooze (D:1)
  2 worms (D:2)
  A dart slug (D:2)
  2 leopard geckos (D:1)
  7 bats (D:1)
  A giant cockroach (D:1)
  2 goblins
  3 hobgoblins
  2 kobolds (D:1)
  A quokka (D:2)
  A ball python (D:1)
  2 rats (D:1)
25 creatures vanquished.

Notes
Turn   | Place    | Note
-------+----------+-------------------------------------------
     0 | D:1      | vatarom the Ghoul Monk began the quest for the Orb.
     0 | D:1      | Reached XP level 1. HP: 19/19 MP: 0/0
   141 | D:1      | Reached XP level 2. HP: 26/26 MP: 1/1
   619 | D:1      | Reached skill level 4 in Unarmed Combat
   619 | D:1      | Reached XP level 3. HP: 28/31 MP: 2/2
  1500 | D:2      | HP: 1/33 [bullfrog skeleton (4)]
  1521 | D:2      | Slain by a bullfrog skeleton

Illustrated notes

Levels and vault maps discovered:
D:1:      dpeg_arrival_simpleton_a, layout_basic
D:2:      layout_basic, kennysheep_decorative_pillar,
          minmay_misc_feat_more_columns

Skill      XL: |  1  2  3 |
---------------+----------+-----
Unarmed Combat | 4 |  4.2
Dodging        | 3 |  3.0
Fighting       | |  3.7
Stealth        | |  2.1

Action                   || total
-------------------------++-------
Melee: Unarmed           ||    74
       Punch             ||     1
  Use: Potion            ||     3
       Scroll            ||     1
 Stab: Sleeping          ||     3
Armor: Robe              ||     7
Dodge: Dodged            ||    48
